 Dungeon Crawl Stone Soup version 0.26-a0-854-gdc81c2f471 (webtiles) character file.

Game seed: 17460477108589405307

9228 iamoutofideas the Grappler (level 11, -5/109 HPs)
             Began as a Troll Hunter on Nov 23, 2020.
             Was a High Priest of Okawaru.
             Slain by an orc warrior
             ... wielding a cursed -1 halberd
              (26 damage)
             ... on level 10 of the Dungeon.
             The game lasted 00:10:43 (8747 turns).

iamoutofideas the Grappler (Troll Hunter)           Turns: 8747, Time: 00:10:43

Health: -5/109     AC:  9    Str: 25    XL:     11   Next: 20%
Magic:  10/10      EV: 17    Int:  7    God:    Okawaru [*****.]
Gold:   344        SH:  5    Dex: 16    Spells: 10/10 levels left

rFire    . . .     SeeInvis .     - Unarmed
rCold    + . .     Faith    .   (no shield)
rNeg     . . .     Spirit   .   b - +0 robe
rPois    +         Reflect  +   (helmet restricted)
rElec    .         Harm     .   t - +2 cloak {rPois}
rCorr    .         Rampage  .   (gloves unavailable)
MR       .....                  (boots unavailable)
Stlth    ++........             u - amulet of reflection
HPRegen  0.68/turn              v - +6 ring of dexterity
MPRegen  0.12/turn              y - ring of protection from cold

@: no status effects
A: large, unfitting armour, claws 3, regeneration 1, shaggy fur 1, tough skin 3
a: Heroism, Finesse, Renounce Religion


You were on level 10 of the Dungeon.
You worshipped Okawaru.
Okawaru was extremely pleased with you.
You visited 2 branches of the dungeon, and saw 11 of its levels.

You collected 554 gold pieces.
You spent 210 gold pieces at shops.

Inventory:

Missiles
 c - 11 large rocks (quivered)
 d - 2 throwing nets
Armour
 b - a +0 robe (worn)
 t - a +2 cloak of poison resistance (worn)
 B - a +0 kite shield
Jewellery
 o - an uncursed amulet of the acrobat
 u - an amulet of reflection (around neck)
 v - a +6 ring of dexterity (left claw)
 y - a ring of protection from cold (right claw)
 I - an uncursed ring of ice
Wands
 p - a wand of digging (4)
 s - a wand of paralysis (6)
 D - a wand of acid (17)
 F - a wand of flame (18)
 G - a wand of iceblast (5)
Scrolls
 e - 3 scrolls of blinking {unknown}
 f - 3 scrolls of amnesia
 j - 6 scrolls of remove curse
 m - 6 scrolls of teleportation
 w - a scroll of immolation {unknown}
 x - a scroll of enchant weapon {unknown}
 A - a scroll of brand weapon {unknown}
 C - 3 scrolls of random uselessness {unknown}
 E - a scroll of identify
 H - a scroll of noise {unknown}
Potions
 a - 3 potions of lignification
 g - 4 potions of haste
 h - 2 potions of mutation
 i - 3 potions of attraction
 k - a potion of berserk rage {unknown}
 l - 5 potions of heal wounds
 n - 2 potions of might
 q - 2 potions of magic
 r - 3 potions of ambrosia
 z - 3 potions of curing


   Skills:
 + Level 7.3 Fighting
 - Level 3.7 Throwing
 - Level 10.0 Dodging
 - Level 0.3 Stealth
 - Level 10.0 Unarmed Combat


You had 10 spell levels left.
You didn't know any spells.
Your spell library contained the following spells:

 Spells                   Type           Power        Failure   Level
 Corona                   Hex            #......      43%         1
 Ensorcelled Hibernation  Hex/Ice        #.....       56%         2
 Poisonous Vapours        Pois/Air       #.....       56%         2
 Confusing Touch          Hex            #.......     80%         3
 Conjure Flame            Conj/Fire      #.......     80%         3
 Dazzling Flash           Conj/Hex       #.....       80%         3
 Mephitic Cloud           Conj/Pois/Air  #.......     80%         3
 Tukima's Dance           Hex            #.......     80%         3
 Freezing Cloud           Conj/Ice/Air   #.........   100%        6


Dungeon Overview and Level Annotations

Branches:
Dungeon (10/15)            Temple (1/1) D:6             Orc (0/2) D:10
   Lair: D:8-11

Altars:
Ashenzari
Cheibriados
Dithmenos
Elyvilon
Fedhas
Gozag
Hepliaklqana
Kikubaaqudgha
Makhleb
Nemelex Xobeh
Okawaru
Qazlal
Ru
Sif Muna
Trog
Uskayaw
Vehumet
Wu Jian
Xom
Yredelemnul
Zin
The Shining One

Shops:
D:5 !   D:6 ?


Innate Abilities, Weirdness & Mutations

You are too large for most types of armour.
You have claws for hands.
Your natural rate of healing is unusually fast.
You are covered in fur. (AC +1)
You have extremely tough skin. (AC +3)


Message History

The orc completely misses you.
The orc warrior hits you from afar with a cursed -1 halberd!
* * * LOW HITPOINT WARNING * * *
The orc closely misses you.
You barely miss the orc.
The orc is severely wounded.
The orc closely misses you.
You claw the orc!
You kill the orc!
Okawaru accepts your kill. The orc warrior barely misses you.
You claw the orc!
You kill the orc!
Okawaru accepts your kill.
The orc throws a boomerang.
The boomerang misses you.
The weapon returns to the orc!
The orc warrior hits you from afar with a cursed -1 halberd!
* * * LOW HITPOINT WARNING * * *
The orc warrior hits you from afar with a cursed -1 halberd!!
You die...

# .. ....#'## ########....#.#.
..#.......... #. o.........# #.
≈.........# #. o.#o....))# #.
#################)# #.
.....'....'oo..()(# |
...#..)@#).)..^.# . #
#.)).#......(# #
#############''''#########
#............................# o.
#≈≈≈≈≈≈≈≈≈≈≈≈....≈≈≈≈≈≈≈≈≈≈≈≈####
≈≈≈≈≈≈≈≈≈≈≈≈≈....≈≈≈≈≈≈≈≈≈≈≈≈≈≈≈≈
≈≈≈≈≈≈≈≈≈≈≈≈≈....≈≈≈≈≈≈≈≈≈≈≈≈≈≈≈≈
.................................
#...†..........................<.


You could see an orc warrior and an orc.

Vanquished Creatures
  Erica (D:8)
  An unseen horror (D:10)
  Pikel (D:9)
  An orc knight (D:10)
  A manticore (D:8)
  Maurice (D:8)
  A gargoyle (D:10)
  2 wraiths (D:7)
  Grum (D:9)
  17 wargs (D:10)
  A soldier ant (D:10)
  An ice beast (D:7)
  3 orc warriors (D:10)
  A phantom (D:3)
  A necrophage (D:7)
  5 ogres
  A centaur (D:7)
  4 wolves (D:9)
  A lemure (D:9)
  4 bullfrogs
  4 scorpions
  5 killer bees (D:9)
  2 wights (D:7)
  A centaur zombie (D:6)
  3 human zombies (D:7)
  4 jellies
  A centaur skeleton (D:10)
  4 orc priests (D:10)
  5 hounds
  3 orc wizards
  5 bullfrog skeletons
  2 iguanas
  11 worker ants
  2 killer bee zombies
  A hound zombie (D:6)
  A hound skeleton (D:4)
  4 mummies (D:7)
  A worker ant zombie (D:9)
  8 adders
  A howler monkey skeleton (D:5)
  2 shadow imps (D:6)
  5 white imps
  3 ufetubi
  An ooze (D:1)
  An adder skeleton (D:6)
  5 worms
  4 dart slugs
  4 leopard geckos
  35 orcs
  A ball python (D:6)
  7 giant cockroaches
  12 hobgoblins
  15 jackals
  2 quokkas (D:3)
  8 bats
  7 frilled lizards
  9 goblins
  11 kobolds
  A leopard gecko skeleton (D:8)
  An orc zombie (D:7)
  A quokka skeleton (D:5)
  A quokka zombie (D:5)
  8 rats
261 creatures vanquished.

Vanquished Creatures (others)
  2 plants (D:10)
2 creatures vanquished.

Grand Total: 263 creatures vanquished

Notes
Turn   | Place    | Note
-------+----------+-------------------------------------------
     0 | D:1      | iamoutofideas the Troll Hunter began the quest for the Orb.
     0 | D:1      | Reached XP level 1. HP: 19/19 MP: 0/0
    89 | D:1      | Reached skill level 1 in Unarmed Combat
   123 | D:1      | Reached XP level 2. HP: 27/27 MP: 1/1
   216 | D:1      | You fall into a shaft and drop 1 floor!
   337 | D:2      | Reached XP level 3. HP: 30/33 MP: 2/2
   416 | D:2      | Found a broken altar of Ashenzari.
   524 | D:2      | Found a radiant altar of Vehumet.
   628 | D:2      | Found a sparkling altar of Nemelex Xobeh.
   963 | D:1      | Reached XP level 4. HP: 38/41 MP: 3/3
  1525 | D:2      | Found an ornate altar of the Wu Jian Council.
  1966 | D:3      | Reached XP level 5. HP: 48/48 MP: 4/4
  2037 | D:3      | Noticed a phantom
  2076 | D:3      | Killed a phantom
  2077 | D:3      | Reached skill level 5 in Unarmed Combat
  2264 | D:3      | Noticed an ogre
  2267 | D:3      | Killed an ogre
  2268 | D:3      | Reached XP level 6. HP: 31/55 MP: 5/5
  2313 | D:3      | Found a glowing golden altar of the Shining One.
  3369 | D:5      | Entered Level 5 of the Dungeon
  3382 | D:5      | Reached XP level 7. HP: 62/62 MP: 6/6
  3410 | D:5      | Found a broken altar of Ashenzari.
  3523 | D:5      | Found Zuseh's Distillery.
  3652 | D:5      | Bought a potion of heal wounds for 70 gold pieces
  3652 | D:5      | Bought a potion of haste for 140 gold pieces
  4105 | D:6      | Found Nudun's Magic Scroll Emporium.
  4136 | D:6      | Found a staircase to the Ecumenical Temple.
  4288 | Temple   | Entered the Ecumenical Temple
  4329 | Temple   | Became a worshipper of Warmaster Okawaru
  4417 | D:6      | Reached XP level 8. HP: 70/70 MP: 7/7
  4519 | D:6      | Found an opulent altar of Gozag.
  4520 | D:6      | Found a glowing silver altar of Zin.
  4839 | D:7      | Found a burning altar of Makhleb.
  4930 | D:7      | Reached skill level 10 in Unarmed Combat
  4990 | D:7      | Reached * piety under Okawaru
  5233 | D:7      | Reached XP level 9. HP: 80/80 MP: 8/8
  5237 | D:7      | Found an ancient bone altar of Kikubaaqudgha.
  5628 | D:8      | Found a hide-covered altar of Uskayaw.
  5633 | D:8      | Noticed a manticore
  5641 | D:8      | Killed a manticore
  5641 | D:8      | Reached ** piety under Okawaru
  5642 | D:8      | Reached skill level 5 in Dodging
  5886 | D:8      | Noticed Erica
  6115 | D:8      | Killed Erica
  6115 | D:8      | Reached *** piety under Okawaru
  6235 | D:8      | Noticed Maurice
  6243 | D:8      | Killed Maurice
  6590 | D:9      | Reached XP level 10. HP: 64/92 MP: 9/9
  6954 | D:9      | Found a sacrificial altar of Ru.
  6976 | D:9      | Found a white marble altar of Elyvilon.
  6976 | D:9      | Found a burning altar of Makhleb.
  6976 | D:9      | Found a basalt altar of Yredelemnul.
  6976 | D:9      | Found a shimmering altar of Xom.
  6985 | D:9      | Noticed Grum
  6998 | D:9      | Killed Grum
  7232 | D:9      | Noticed Pikel
  7259 | D:9      | Killed Pikel
  7620 | D:10     | Entered Level 10 of the Dungeon
  7696 | D:10     | Noticed a gargoyle
  7707 | D:10     | Killed a gargoyle
  7707 | D:10     | Reached **** piety under Okawaru
  7841 | D:10     | Reached skill level 5 in Fighting
  8027 | D:10     | Received a gift from Okawaru
  8168 | D:10     | Reached skill level 10 in Dodging
  8223 | D:10     | Reached ***** piety under Okawaru
  8293 | D:10     | Found a staircase to the Orcish Mines.
  8386 | D:10     | Killed an unseen horror
  8387 | D:10     | Reached XP level 11. HP: 37/107 MP: 10/10
  8701 | D:10     | Noticed an orc knight
  8712 | D:10     | Killed an orc knight
  8747 | D:10     | Slain by an orc warrior

Illustrated notes

Levels and vault maps discovered:
D:1:      minmay_arrival_semitransparent, layout_basic, serial_curves,
          eino_curves_04, eino_curves_02, minmay_hexomino_u4
D:2:      layout_loops_ring, nicolae_overflow_crystal_walls,
          overflow_temple_1_default, lemuel_coloured_pillars_altar,
          general_overflow_altar, patterned_corridor
D:3:      kennysheep_six_static_rooms, layout_rooms, marbit_many_paths
D:4:      layout_basic
D:5:      layout_rooms, basic_altar, serial_shops, shop
D:6:      layout_rooms, grunt_temple_overflow_gold_and_silver, temple_pool_b,
          serial_shops, shop
D:7:      layout_loops_ring, basic_altar, lemuel_mausoleum_altar_kikubaaqudgha
D:8:      layout_rooms, eat_drink_and_be_merry_uskayaw, uniq_maurice, uniq_erica
D:9:      minmay_octagon_keep, layout_loops_corners,
          chequers_temple_overflow_statue_of_worship,
          nicolae_ru_great_annihilating_truth, uniq_grum, uniq_pikel
D:10:     lemuel_castle_with_subvaults [lemuel_castle_interior_carwin_3],
          layout_irregular_city, david_orc_1_choice, uniq_snorg
Temple:   kb_temple_of_zot

Skill      XL: |  1  2  3  4  5  6  7  8  9 10 11 |
---------------+----------------------------------+-----
Unarmed Combat | 1 2 3 4 6 7 9 10 | 10.0
Dodging        | 4 7 10 | 10.0
Fighting       | 2 4 6 7 |  7.3
Throwing       | |  3.7
Stealth        | |  0.3

Action                   |  1- 3 |  4- 6 |  7- 9 | 10-12 || total
-------------------------+-------+-------+-------+-------++-------
Melee: Unarmed           |   114 |   177 |   248 |   296 ||   835
       Punch             |     1 |       |    11 |    21 ||    33
Throw: Large rock        |       |     1 |       |     5 ||     6
Invok: Heroism           |       |       |       |     2 ||     2
  Use: Potion            |       |     2 |     1 |     1 ||     4
       Scroll            |       |       |     8 |     5 ||    13
 Stab: Sleeping          |     1 |     4 |     3 |     2 ||    10
       Distracted        |       |       |       |     1 ||     1
Armor: Robe              |    57 |    61 |    47 |    61 ||   226
Dodge: Dodged            |    85 |    98 |   106 |   224 ||   513
Block: Other             |       |       |    25 |    69 ||    94
       Reflection        |       |       |       |     1 ||     1

Table legend: (Time is in decaauts)
 A = Elapsed time spent in this place.
 B = Non-inter-level travel time spent in this place.
 C = Inter-level travel time spent in this place.
 D = Time resting spent in this place.
 E = Time spent auto-exploring this place.
 F = Levels seen in this place.
 G = Mean time per level.
                   A        B        C        D        E       F      G
               +--------+--------+--------+--------+--------+-----+--------+
         Total |   8659 |   8287 |    372 |    812 |   5808 |  11 |  787.2 |
       Dungeon |   8549 |   8194 |    355 |    812 |   5724 |  10 |  854.9 |
        Temple |    109 |     93 |     16 |      0 |     84 |   1 |  109.0 |
               +--------+--------+--------+--------+--------+-----+--------+

Top non-repeatable levels by time:
     D:9: 1103 daAuts
    D:10: 1096 daAuts
     D:2: 925 daAuts
     D:4: 918 daAuts
     D:7: 893 daAuts
     D:8: 816 daAuts
     D:1: 790 daAuts
     D:3: 716 daAuts
     D:5: 711 daAuts
     D:6: 578 daAuts
  Temple: 109 daAuts
